 Dungeon Crawl Stone Soup version 0.30-a0-170-g85af917532 (webtiles) character file.

Game seed: 5129727052642567723

107 scionoferis the Shooter (level 5, -5/31 HPs)
             Began as a Kobold Hunter on Sept 30, 2022.
             Slain by an ice beast (10 damage)
             ... on level 3 of the Dungeon.
             The game lasted 00:05:11 (3135 turns).

scionoferis the Shooter (Kobold Hunter)             Turns: 3135, Time: 00:05:12

Health: -5/31      AC:  3    Str: 10    XL:     5   Next: 10%
Magic:  5/5        EV: 15    Int: 10    God:
Gold:   146        SH:  0    Dex: 19    Spells: 4/4 levels left

rFire   . . .      SeeInvis .    b - +0 dagger
rCold   . . .      Faith    .    (no shield)
rNeg    . . .      Spirit   .    c - +0 leather armour
rPois   .          Reflect  .    (no helmet)
rElec   .          Harm     .    (no cloak)
rCorr   .          Rampage  .    (no gloves)
Will    .....                    (no boots)
Stlth   +++.......               (no amulet)
HPRegen 0.10/turn                (no ring)
MPRegen 0.09/turn                (no ring)

@: no status effects
A: small, no large weapons, nightstalker 3
a: no special abilities


You were on level 3 of the Dungeon.
You visited 1 branch of the dungeon, and saw 3 of its levels.

You collected 146 gold pieces.

Inventory:

Hand Weapons
 a - a +0 shortbow
 b - a +0 dagger (weapon)
Armour
 c - a +0 leather armour (worn)
Scrolls
 d - a scroll of immolation
 f - a scroll of vulnerability {unknown}
 g - a scroll of identify {unknown}
 h - a scroll of summoning
 i - a scroll of blinking {unknown}
 j - 2 scrolls of poison {unknown}
 m - a scroll of enchant armour {unknown}
 o - a scroll of fog {unknown}
 p - 2 scrolls of teleportation {unknown}
 s - a scroll of magic mapping {unknown}
Potions
 e - a potion of flight {unknown}
 k - a potion of curing {unknown}
 l - a potion of degeneration {unknown}
 n - a potion of brilliance {unknown}
 q - 2 potions of haste {unknown}
 r - 2 potions of resistance {unknown}


   Skills:
 + Level 2.6 Fighting
 * Level 2.3 Short Blades
 + Level 5.8 Ranged Weapons
 * Level 1.5 Armour
 + Level 3.1 Dodging
 + Level 2.6 Stealth


You had 4 spell levels left.
You didn't know any spells.
Your spell library was empty.

Dungeon Overview and Level Annotations

Branches:
Dungeon (3/15)

Altars:
Okawaru

Shops:
D:3 (


Innate Abilities, Weirdness & Mutations

You are small and have problems with some larger weapons.
You are completely attuned to the shadows.


Message History

a +0 whip; a +0 flail
Found Jezoat's Antique Weapon Shop.
Found a scale mail.
There is an entrance to Jezoat's Antique Weapon Shop here.
s - a scroll labelled WAR IXA ADIDU
Found a stone staircase leading down.
An ice beast comes into view.
Unknown command.
As you read the scroll of summoning, it crumbles to dust.
Wisps of shadow whirl around you...
b - a +0 dagger (weapon)
Your bat hits the ice beast but does no damage.
Your bat hits the ice beast.
Your bat closely misses the ice beast.
Your bat barely misses the ice beast.
The ice beast hits your bat. The ice beast freezes your bat!
Your bat dies!
Your bat's corpse dissolves into shadows!
Your hobgoblin barely misses the ice beast.
Your bat hits the ice beast but does no damage.
Your bat barely misses the ice beast.
Your bat closely misses the ice beast.
The ice beast hits your bat. The ice beast freezes your bat!
Your bat dies!
Your bat's corpse dissolves into shadows!
Your hobgoblin barely misses the ice beast.
You barely miss the ice beast.
The ice beast is lightly wounded.
The ice beast hits you. The ice beast freezes you!
Your hobgoblin barely misses the ice beast.
You hit the ice beast but do no damage.
The ice beast is lightly wounded.
The ice beast hits you. The ice beast freezes you!
* * * LOW HITPOINT WARNING * * *
Your hobgoblin misses the ice beast. You hit the ice beast but do no damage.
The ice beast is lightly wounded.
The ice beast closely misses you.
Your hobgoblin hits the ice beast. The ice beast attacks as you move away!
The ice beast hits you.
* * * LOW HITPOINT WARNING * * *
The ice beast freezes you!
You die...

######### #.......#
### #.#####.# #..
#...... #.# #.###.#
#.....#########......
#.....#...≈)≈.....#.#
#...Yg#.8.≈≈≈.......#
#...@.#8_8...........
####.##.8.≈≈≈......##
#.##...≈)≈.....##
#.############## #.#
#.# #.# #.# ### ##.##
...


You could see an ice beast (ally target) and a friendly hobgoblin (summoned).

Vanquished Creatures
  An orc priest (D:3)
  2 worms (D:2)
  2 dart slugs
  3 orcs
  8 ball pythons
  6 bats
  3 endoplasms
  4 giant cockroaches
  6 goblins
  2 hobgoblins (D:1)
  2 jackals (D:2)
  4 kobolds
  3 quokkas
  2 frilled lizards
  3 rats (D:1)
51 creatures vanquished.

Vanquished Creatures (collateral kills)
  An adder (D:2)
1 creature vanquished.

Grand Total: 52 creatures vanquished

Notes
Turn   | Place    | Note
-------+----------+-------------------------------------------
     0 | D:1      | scionoferis the Kobold Hunter began the quest for the Orb.
     0 | D:1      | Reached XP level 1. HP: 12/12 MP: 1/1
   171 | D:1      | Reached XP level 2. HP: 17/17 MP: 2/2
   422 | D:1      | Reached skill level 1 in Short Blades
   434 | D:1      | Found a faded altar of an unknown god.
   555 | D:1      | Reached XP level 3. HP: 22/22 MP: 3/3
   999 | D:2      | Reached skill level 1 in Armour
  1315 | D:2      | Reached XP level 4. HP: 11/27 MP: 4/4
  2167 | D:3      | Found an iron altar of Okawaru.
  2583 | D:3      | Reached XP level 5. HP: 5/31 MP: 5/5
  2584 | D:3      | HP: 1/31 [orc/+0 whip (4)]
  2941 | D:3      | Found Jezoat's Antique Weapon Shop.
  3127 | D:3      | Noticed an ice beast
  3135 | D:3      | Slain by an ice beast

Illustrated notes

Levels and vault maps discovered:
D:1:      tarquinn_simple_flora_water_a, layout_loops_ring,
          basic_ecumenical_altar, chequers_serial_rivers_micro_c,
          bh_walls_and_bars
D:2:      layout_loops_ring, nicolae_kite_square_tiling_tiny
D:3:      layout_loops_cross, kennysheep_okawaru_gauntlet, serial_shops,
          nicolae_shop_crystal

Skill      XL: |  1  2  3  4 |
---------------+-------------+-----
Short Blades   | 1 2 |  2.3
Armour         | 1 |  1.5
Stealth        | 2 |  2.6
Dodging        | 3 |  3.1
Fighting       | |  2.6
Ranged Weapons | |  5.8

Action                   |  1- 3 |  4- 6 || total
-------------------------+-------+-------++-------
Melee: Dagger            |     8 |     7 ||    15
 Fire: Shortbow          |    84 |    59 ||   143
  Use: Scroll            |     1 |     1 ||     2
 Stab: Sleeping          |       |     2 ||     2
Armor: Leather armour    |    10 |     7 ||    17
Dodge: Dodged            |    41 |    22 ||    63

Table legend: (Time is in decaauts)
 A = Elapsed time spent in this place.
 B = Non-inter-level travel time spent in this place.
 C = Inter-level travel time spent in this place.
 D = Time resting spent in this place.
 E = Time spent auto-exploring this place.
 F = Levels seen in this place.
 G = Mean time per level.
                   A        B        C        D        E       F      G
               +--------+--------+--------+--------+--------+-----+--------+
         Total |   3164 |   3090 |     74 |    416 |   2314 |   3 | 1054.7 |
       Dungeon |   3164 |   3090 |     74 |    416 |   2314 |   3 | 1054.7 |
               +--------+--------+--------+--------+--------+-----+--------+

Top non-repeatable levels by time:
     D:2: 1145 daAuts
     D:3: 1031 daAuts
     D:1: 988 daAuts
